[Event "Late-Titled-Tuesday-Blitz-June-04-2024"]
[Site "Chess.com"]
[Date "2024.06.04"]
[Round "10"]
[White "Eloist"]
[Black "Mariia89"]
[Result "0-1"]
[WhiteElo "2402"]
[BlackElo "2253"]
[TimeControl "180+1"]
[EndTime "15:55:21 PDT"]
[Termination "Mariia89 won on time"]

1. e4 c6 2. Nf3 d5 3. d3 dxe4 4. dxe4 Qxd1+ 5. Kxd1 Bg4 6. Be2 Bxf3 7. Bxf3 e5 8. Be3 Nd7 9. Nd2 Bc5 10. Ke2 Bxe3 11. Kxe3 Nc5 12. Nc4 f6 13. b4 Ne6 14. Nd6+ Ke7 15. Nxb7 Rb8 16. Na5 Rb6 17. c3 Nh6 18.
Rhd1 Nf7 19. Nc4 Rbb8 20. a4 a6 21. Rd2 c5 22. Rad1 Rhd8 23. Na5 Rxd2 24. Rxd2 Rb6 25. Rd5 cxb4 26. cxb4 Nd6 27. Be2 Nd4 28. Nc4 Nxc4+ 29. Bxc4 Nc2+ 30. Kd2 Nxb4 31. Rc5 Nc6 32. Bd5 Nd4 33.
Rc7+ Kd6 34. Rxg7 Rb2+ 35. Ke3 Rb3+ 36. Kd2 Rb2+ 37. Kc3 Rxf2 38. a5 Kc5 39. Rc7+ Kb5 40. Rb7+ Kxa5 41. g3 Rxh2 42. Rxh7 Rxh7 0-1

[Event "Late-Titled-Tuesday-Blitz-June-04-2024"]
[Site "Chess.com"]
[Date "2024.06.04"]
[Round "10"]
[White "RealPerangel"]
[Black "frederiksvane"]
[Result "0-1"]
[WhiteElo "2767"]
[BlackElo "2910"]
[TimeControl "180+1"]
[EndTime "15:55:23 PDT"]
[Termination "frederiksvane won by resignation"]

1. e4 c5 2. g3 d5 3. exd5 Qxd5 4.
Nf3 Bg4 5. Be2 Nc6 6. h3 Bf5 7.
Nc3 Qd7 8. g4 Bg6 9. Bb5 f6 10.
d4 cxd4 11. Nxd4 e5 12. Nxc6 bxc6 13. Qxd7+ Kxd7 14. Ba4 Bc5 15. Be3 Bxe3 16. fxe3 Ne7 17. O-O-O+ Kc7 18. h4 h5 19. Rdg1 Rh7 20. g5 f5 21. Bb3 Rhh8 22. Na4 Nd5 23. Re1 Rae8 24. Rhf1 Rhf8 25. Nc5 Kd6 26. Nb7+ Kc7 27. Nc5 Rf7 28. e4 fxe4 29. Rxf7+ Bxf7 30. Nxe4 Bg6 31. Ng3 Nf4 32. Rf1 Re7 33. Rf2 Nh3 34. Re2 e4 35. Bc4 Kd6 36.
Kd2 Nf4 37. Rh2 e3+ 38. Kc3 a5 39. a3 Kc5 40. b4+ axb4+ 41. axb4+ Kd6 42. Ne2 Ke5 43. Nd4 Be4 44. Nb3 Nd5+ 45. Bxd5 cxd5 46. Nc5 d4+ 47. Kb2 Kf4 48. Nd3+ Bxd3 49. cxd3 e2 0-1

[Event "Late-Titled-Tuesday-Blitz-June-04-2024"]
[Site "Chess.com"]
[Date "2024.06.04"]
[Round "10"]
[White "jucAxx"]
[Black "Bryanl106"]
[Result "1-0"]
[WhiteElo "2471"]
[BlackElo "2712"]
[TimeControl "180+1"]
[EndTime "15:55:24 PDT"]
[Termination "jucAxx won by resignation"]

1. e4 e5 2. Nc3 Nc6 3. Bc4 Nf6 4. d3 Na5 5. Bb3 Bb4 6. Nf3 d6 7. h3 O-O 8. O-O h6 9. Nd5 Nxb3 10. axb3 Bc5 11.
b4 Nxd5 12. bxc5 Nb4 13. cxd6 cxd6 14. Bd2 Nc6 15. Re1 f5 16. exf5 Bxf5 17. Bc3 Qf6 18.
d4 Bxh3 19. dxe5 Qg6 20. Nh4 Qg5 21. exd6 Qxh4 22. Qd5+ Kh8 23. gxh3 Qxf2+ 24. Kh1 Rf3 25. Qh5 Rg3 26. Qxh6+ Kg8 27. Qe6+ Kh7 28. Qe4+ Kh8 29.
Qh4+ Kg8 30. Qc4+ Kh7 31. Qe4+ Kg8 32. Qc4+ Qf7 33. Qxf7+ Kxf7 34. Kh2 Rg6 35. d7 Rd8 36. Rf1+ Ke6 37. Rad1 Rg5 38. Rfe1+ Kf7 39. Rd3 Nb8 40. Red1 Rf5 41. Kg3 g6 42. Bd2 b6 43. Bf4 Na6 44. h4 Nc5 45. Rd6 Nxd7 46. Bg5 Rxg5+ 47. hxg5 Ke7 48.
Rxg6 Rc8 49. Rg7+ Kf8 50. Rgxd7 1-0

[Event "Late-Titled-Tuesday-Blitz-June-04-2024"]
[Site "Chess.com"]
[Date "2024.06.04"]
[Round "10"]
[White "Godzillator"]
[Black "tactic"]
[Result "0-1"]
[WhiteElo "2421"]
[BlackElo "2557"]
[TimeControl "180+1"]
[EndTime "15:55:24 PDT"]
[Termination "tactic won on time"]

1. d4 Nf6 2. c4 g6 3. Nc3 Bg7 4.
e4 d6 5. Be2 O-O 6. Bg5 Nbd7 7.
Qc1 e5 8. d5 a6 9. f3 Qe8 10. Bd3 h5 11. Nge2 Nc5 12. Bc2 Nh7 13. Be3 b6 14. b4 Nd7 15. Ba4 h4 16. Bc6 Rb8 17. c5 bxc5 18. bxc5 Bb7 19. Bxb7 Rxb7 20.
c6 Rb8 21. cxd7 Qxd7 22. h3 f5 23. O-O Nf6 24. Bh6 Nh5 25. Qg5 Rf6 26. Bxg7 Kxg7 27.
Rab1 Rbf8 28. Qxh4 Rh8 29. Qg5 f4 30. Qg4 Qd8 31. Rb7 Rf7 32. Rfb1 Nf6 33. Qg5 Rh5 34. Qxh5 Nxh5 35. a4 Ng3 36. Nxg3 fxg3 37. Ne2 Qg5 38. R7b3 a5 39. Kf1 Qh4 40. Ke1 g5 41. Kd2 g4 42.
hxg4 Qh6+ 43. Kc2 Qh2 44. Rg1 Kg6 45. Kd2 Rf8 46. Ke1 Ra8 47. Rb7 Ra6 48. Kf1 c6 49. Nc3 Qh6 50. Ke2 Qh2 51. Kf1 cxd5 52. Nxd5 Qh6 53. Ne7+ Kg5 54. Nf5 Qe6 55. Rb3 Qxb3 0-1

[Event "Late-Titled-Tuesday-Blitz-June-04-2024"]
[Site "Chess.com"]
[Date "2024.06.04"]
[Round "10"]
[White "AlphaPerseii"]
[Black "Chaubunagungamaug1"]
[Result "0-1"]
[WhiteElo "2349"]
[BlackElo "2466"]
[TimeControl "180+1"]
[EndTime "15:55:25 PDT"]
[Termination "Chaubunagungamaug1 won on time"]

1. d4 d5 2. c4 c6 3. Nc3 Nf6 4. Nf3 e6 5. Bg5 h6 6. Bh4 dxc4 7. e3 b5 8. Be2 Nbd7 9. a4 Bb4 10. O-O Qb6 11.
Qc2 O-O 12. Rfb1 a5 13. e4 Ba6 14. e5 Nd5 15. Ne4 Qc7 16. Nfd2 c5 17. axb5 Bxb5 18. Nd6 Ba6 19. Bxc4 cxd4 20. Qe4 Bxd2 21. Qxd4 Bxc4 22. Nxc4 Bb4 23. Rc1 Bc5 24. Qe4 Rfc8 25. g4 Qb8 26. g5 hxg5 27. Bxg5 Qb3 28. Kg2 N7b6 29. Nd2 Qxb2 30.
Rab1 Qd4 31. Qe2 Nc3 32. Qh5 Qxf2+ 33. Kh1 Nxb1 34. Rxb1 Nd5 35. Rf1 g6 36. Qh6 Qe2 37. Bf6 Nxf6 38. exf6 Bf8 39. Qf4 Rd8 40. Rf2 Qe1+ 41.
Nf1 Qd1 42. Rg2 Qd5 43. Kg1 Qf5 44. Qh4 Bc5+ 0-1

[Event "Late-Titled-Tuesday-Blitz-June-04-2024"]
[Site "Chess.com"]
[Date "2024.06.04"]
[Round "10"]
[White "Onthequiet"]
[Black "rhwr"]
[Result "0-1"]
[WhiteElo "2381"]
[BlackElo "2291"]
[TimeControl "180+1"]
[EndTime "15:55:25 PDT"]
[Termination "rhwr won by resignation"]

1. e4 c5 2. b3 d6 3. Bb2 e5 4. Nc3 Nc6 5. Bc4 Be6 6. Nf3 Bxc4 7. bxc4 Nf6 8. O-O Be7 9. d3 O-O 10. Ne2 Nh5 11. Nd2 Bg5 12. Nc3 Nd4 13. Nd5 Ne6 14.
Qxh5 Bxd2 15. g3 Nc7 16. Qe2 Nxd5 17. Qxd2 Nb4 18. f4 f6 19. Kg2 Qd7 20. Bc3 Nc6 21. f5 Rfb8 22. Rab1 a6 23. Rb6 Qc7 24. Rfb1 Nb4 25.
R6xb4 cxb4 26. Rxb4 b5 27. a4 bxa4 28. Rxa4 Rb1 29.
Kh3 Qf7 30. g4 Qa7 31. d4 Qd7 32. Ra5 Qc6 33. dxe5 dxe5 34. Rd5 Rbb8 35. c5 Qa4 36. Qd3 Qb5 37. g5 Qxd3+ 38. cxd3 a5 39. d4 exd4 40. Bxd4 a4 41. gxf6 gxf6 42. Bxf6 a3 43. Rd1 a2 44. Kg4 Rb1 45. Rd7 a1=Q 46. Rg7+ Kf8 47. e5 Qd4+ 48. Kh5 Qf4 49. Rxh7 Qxh2+ 50. Kg6 Rg1+ 51. Bg5 Rxg5+ 52. Kxg5 Qxh7 53. e6 Ke7 0-1

[Event "Late-Titled-Tuesday-Blitz-June-04-2024"]
[Site "Chess.com"]
[Date "2024.06.04"]
[Round "10"]
[White "Bala-Afiada"]
[Black "cristiano78"]
[Result "1-0"]
[WhiteElo "2087"]
[BlackElo "2216"]
[TimeControl "180+1"]
[EndTime "15:55:25 PDT"]
[Termination "Bala-Afiada won on time"]

1. d4 Nf6 2. c4 g6 3. Nc3 Bg7 4. e4 d6 5. Nf3 O-O 6. Be2 e5 7.
Be3 Ng4 8. Bg5 f6 9. Bh4 Nd7 10. h3 Nh6 11. d5 g5 12. Bg3 f5 13. Qc2 f4 14. Bh2 a5 15. O-O-O Nc5 16. g3 fxg3 17.
Bxg3 g4 18. hxg4 Bxg4 19. Bh4 Qe8 20. Ng5 Bxe2 21. Qxe2 Nf7 22. Rdg1 Nxg5 23. Bxg5 Rxf2 24. Qg4 Nd3+ 25. Kb1 Qg6 26. Qd7 Nxb2 27. Bh6 Rg2 28. Bxg7 Rxg1+ 29. Rxg1 Qxg1+ 30. Kxb2 Qxg7 31. Qe6+ Kh8 32. Nb5 Rf8 33. Qh3 Rf4 34. Nc3 Rg4 35. Qf3 Rg2+ 36. Kb3 Rg3 37. Qf5 a4+ 38. Kb4 Qg6 39. Qc8+ Qg8 40. Qd7 Rg7 41. Qe6 Qf8 42. Qh3 1-0

[Event "Late-Titled-Tuesday-Blitz-June-04-2024"]
[Site "Chess.com"]
[Date "2024.06.04"]
[Round "10"]
[White "Rud_Makarian"]
[Black "Polish_fighter3000"]
[Result "0-1"]
[WhiteElo "2992"]
[BlackElo "3083"]
[TimeControl "180+1"]
[EndTime "15:55:26 PDT"]
[Termination "Polish_fighter3000 won on time"]

1. d4 g6 2. c4 Bg7 3. Nf3 d6 4. Nc3 c5 5. d5 Bxc3+ 6. bxc3 Nf6 7. Nd2 e5 8. dxe6 Bxe6 9. g3 Qd7 10. Bg2 Bh3 11.
Ne4 Nxe4 12. Bxe4 Nc6 13. Rb1 O-O-O 14. Bf4 Rhe8 15. f3 Rxe4 16. fxe4 Bg2 17. Rg1 Bxe4 18.
Rb2 Na5 19. Rb5 Nxc4 20. Qa4 Bc6 21. Rxc5 dxc5 22. Qxc4 Qe7 23. Kf2 g5 24. Bc1 h5 25.
a4 Rd5 26. Rf1 Re5 27. Re1 a5 28. Kg1 Re4 29. Qd3 f6 30. c4 Kc7 31. Bb2 Re6 32. Kf2 b6 33. Qf5 Be4 34. Qh3 Bd3 35. Qxh5 Bxc4 36. Qf3 f5 37. h4 Re4 38. hxg5 Qxg5 39. Bc1 Qg4 40. Bf4+ Kb7 41. Qxg4 fxg4 42. e3 Bd5 43.
Rd1 Kc6 44. Ra1 Rc4 0-1

[Event "Late-Titled-Tuesday-Blitz-June-04-2024"]
[Site "Chess.com"]
[Date "2024.06.04"]
[Round "10"]
[White "ansko1999"]
[Black "Evan_Attaker"]
[Result "0-1"]
[WhiteElo "2625"]
[BlackElo "2704"]
[TimeControl "180+1"]
[EndTime "15:55:27 PDT"]
[Termination "Evan_Attaker won on time"]

1. Nc3 c5 2. e4 d6 3. f4 g6 4. Nf3 Bg7 5. Bc4 Nc6 6. O-O e6 7. d4 cxd4 8. Nb5 Nge7 9. Bb3 O-O 10. Nbxd4 d5 11. e5 Nxd4 12. Nxd4 Nc6 13. Be3 Bd7 14. c3 a5 15. a4 Nxd4 16. Bxd4 Qc7 17. Qd3 Rfc8 18.
Qe3 Bf8 19. Bc2 Bc5 20. Bd3 Rab8 21. h4 Bxd4 22. cxd4 Qb6 23. h5 Qb4 24. h6 Bxa4 25. f5 exf5 26. Bxf5 Re8 27. Bd3 Bd7 28. Qf4 Be6 29.
Rxa5 Qxa5 30. Qf6 Kf8 31. Bxg6 Qd2 32. Bxf7 Qxd4+ 33. Kh1 Qxe5 34. Qf2 Ke7 35. Bxe6 Rf8 36. Bf7 Kd6 37. Qb6+ Kd7 38. Qb5+ Kd8 39. Qb6+ Qc7 40. Qf6+ Qe7 41. Qf5 Qh4+ 42. Kg1 Qd4+ 43. Kh1 Rc8 44. Qg5+ Kc7 45. Rc1+ Kb8 46. Qg3+ Ka7 47. Ra1+ Kb6 48.
Qd6+ Rc6 49. Qe7 Rxh6+ 0-1

[Event "Late-Titled-Tuesday-Blitz-June-04-2024"]
[Site "Chess.com"]
[Date "2024.06.04"]
[Round "10"]
[White "bubeliang"]
[Black "AldokhinIvan"]
[Result "1-0"]
[WhiteElo "2851"]
[BlackElo "2653"]
[TimeControl "180+1"]
[EndTime "15:55:28 PDT"]
[Termination "bubeliang won on time"]

1. e4 c5 2. c3 d5 3. exd5 Qxd5 4. d4 Nf6 5. Nf3 e6 6. Na3 Nc6 7. Be3 Ng4 8. Nb5 Nxe3 9. fxe3 Qd8 10. dxc5 Bxc5 11. Qxd8+ Kxd8 12. Rd1+ Ke7 13. Nbd4 Bd7 14. Kf2 f6 15. Bb5 e5 16. Nxc6+ bxc6 17. Bc4 Rab8 18.
b3 Be6 19. Bxe6 Kxe6 20. Nd2 f5 21. Ke2 Rhd8 22. e4 g6 23. Rhf1 Rd7 24. Nc4 Rbd8 25. Rxd7 Rxd7 26. b4 Be7 27. a4 Bg5 28. Ra1 fxe4 29.
b5 cxb5 30. axb5 Rc7 31. Ra4 Kd5 32. b6 axb6 33. Nxb6+ Kc5 34. Nc4 Rb7 35. Nxe5 Rb2+ 36. Kf1 Kd5 37. Ra5+ Ke6 38. Nc4 Rb1+ 39. Ke2 Bf4 40.
g3 Bc7 41. Rc5 Bb8 42. Ke3 Ke7 43. Kxe4 Re1+ 44. Kf3 Rd1 45. Ne3 Rd3 46. Ke2 Rd6 47. Rb5 Bc7 48. c4 Kd7 49. Nd5 Re6+ 50. Kd3 Kc6 51. Rb2 Bd6 52. Re2 1-0

[Event "Late-Titled-Tuesday-Blitz-June-04-2024"]
[Site "Chess.com"]
[Date "2024.06.04"]
[Round "10"]
[White "LUISMIGUELOV"]
[Black "Heinza9"]
[Result "1-0"]
[WhiteElo "2228"]
[BlackElo "2319"]
[TimeControl "180+1"]
[EndTime "15:55:28 PDT"]
[Termination "LUISMIGUELOV won by checkmate"]

1. d4 e6 2. c3 f5 3. Bf4 Nf6 4. Nd2 b6 5. Qc2 Bb7 6. f3 Bd6 7. Bxd6 cxd6 8. e4 fxe4 9. Nxe4 O-O 10. Nxf6+ Qxf6 11. O-O-O Nc6 12. d5 exd5 13. Bd3 g6 14. Kb1 Rac8 15. Ne2 Nb4 16. Qd2 Nxd3 17. Qxd3 Rce8 18.
Rhe1 Qf5 19. Qxf5 Rxf5 20. Nd4 Rfe5 21. Rf1 g5 22. h3 h5 23. Kc2 Kf7 24. f4 gxf4 25.
Rxf4+ Kg6 26. Rdf1 R8e7 27. g4 Ba6 28. R1f2 hxg4 29. Rxg4+ Rg5 30. Rgf4 Kh5 31. h4 Rge5 32. Rf6 Be2 33. Rxd6 Kxh4 34. Nf5+ Kg4 35. Nxe7 Rxe7 36. Rxd5 Kg3 37. Rf6 Bg4 38. Rg5 Re2+ 39. Kb3 Re4 40. Rfg6 Kh4 41. Rxg4+ Rxg4 42. Rxg4+ Kxg4 43. Kc4 Kf5 44. Kd5 Kf4 45. Kd4 Kf5 46. Kd5 Kf4 47. Kd6 Ke4 48.
Kxd7 Kd5 49. Kc7 Kc5 50. Kb7 a5 51. Ka6 a4 52. b3 a3 53. b4+ Kc4 54. Kxb6 Kxc3 55.
Kc5 Kb2 56. b5 Kxa2 57. b6 Ka1 58. b7 a2 59. Kc4 Kb1 60. b8=Q+ Kc1 61. Qf4+ Kb2 62.
Qd2+ Kb1 63. Kb3 a1=N+ 64. Ka3 Nc2+ 65. Kb3 Na1+ 66. Kc3 Nc2 67. Qxc2+ Ka1 68. Qb2# 1-0

[Event "Late-Titled-Tuesday-Blitz-June-04-2024"]
[Site "Chess.com"]
[Date "2024.06.04"]
[Round "10"]
[White "NovakRatko"]
[Black "Mikhal867"]
[Result "1-0"]
[WhiteElo "2311"]
[BlackElo "2468"]
[TimeControl "180+1"]
[EndTime "15:55:29 PDT"]
[Termination "NovakRatko won on time"]

1. d4 Nf6 2. c4 g6 3. Nc3 Bg7 4.
e4 O-O 5. f3 d6 6. Be3 Nc6 7. Qd2 Re8 8. d5 Ne5 9. h3 e6 10. f4 Ned7 11. Bd3 exd5 12. cxd5 Nc5 13. Bxc5 dxc5 14. Nge2 c4 15. Bc2 c6 16. dxc6 Qb6 17. e5 Nh5 18. g4 Nxf4 19. Qxf4 Bxe5 20. Qxc4 Bg3+ 21. Kd1 Be6 22. Qb5 Qe3 23. Bd3 bxc6 24. Qa6 Bc8 25. Qc4 a5 26. Kc2 Ba6 27. Qd4 Qxd4 28. Nxd4 Red8 29. Bxa6 Rxd4 30. Be2 Rb8 31. Rad1 Rdb4 32. Rb1 Be5 33. a3 Rf4 34. Rhf1 f5 35.
Rxf4 Bxf4 36. gxf5 gxf5 37. Rf1 Bg5 38. Rxf5 h6 39.
Rxa5 Rd8 40. Bd3 Rf8 41. Ne4 Be3 42. Ra6 Rf3 43. Rxc6 Rxh3 44. a4 Rh2+ 45. Kc3 Rh1 46. b4 Ra1 47. Bc4+ Kf8 48. Kd3 Bg1 49. a5 Rd1+ 50. Ke2 1-0

[Event "Late-Titled-Tuesday-Blitz-June-04-2024"]
[Site "Chess.com"]
[Date "2024.06.04"]
[Round "10"]
[White "gmcorrales"]
[Black "jefferyx"]
[Result "0-1"]
[WhiteElo "2881"]
[BlackElo "3086"]
[TimeControl "180+1"]
[EndTime "15:55:32 PDT"]
[Termination "jefferyx won by resignation"]

1. d4 d5 2. c4 e6 3. Nf3 dxc4 4.
e3 Nf6 5. Bxc4 c5 6. O-O Nc6 7. dxc5 Qxd1 8. Rxd1 Bxc5 9. Nc3 O-O 10. a3 b6 11. b4 Be7 12. Bb2 Bb7 13. Nb5 Rfd8 14. Ne5 Rdc8 15. Be2 a5 16. bxa5 Nxa5 17. Rac1 Kf8 18.
Bf3 Bxf3 19. gxf3 Nd5 20. e4 Nf4 21. Nd7+ Kg8 22. Rxc8+ Rxc8 23. Be5 g5 24. a4 Nc4 25.
Bxf4 gxf4 26. Rc1 Rd8 27. Rxc4 Rxd7 28. Kg2 Rd2 29. e5 Bc5 30. Rxf4 Rxf2+ 31. Kh3 Re2 32. Rg4+ Kf8 33. f4 Re4 34. Rh4 Rxa4 35. Kg3 Ra5 36. Nd6 Bxd6 37. exd6 h5 38. f5 Rxf5 39. Rc4 Ke8 40.
Rc6 b5 41. Rb6 Kd7 42. Kh4 Rd5 43. Rb7+ Kxd6 44. Rxf7 b4 45. Rb7 Kc5 46. h3 Kc4 47. Rb6 b3 48. Kg3 Rb5 49. Rc6+ Kd3 50. Rd6+ Kc2 51.
Rxe6 b2 52. Re2+ Kd1 53. Rh2 b1=Q 54. Rh1+ Ke2 55. Rh2+ Ke3 56. Kh4 Qe4+ 0-1

[Event "Late-Titled-Tuesday-Blitz-June-04-2024"]
[Site "Chess.com"]
[Date "2024.06.04"]
[Round "10"]
[White "MatthewG-p4p"]
[Black "Rutricks"]
[Result "1/2-1/2"]
[WhiteElo "2879"]
[BlackElo "2696"]
[TimeControl "180+1"]
[EndTime "15:55:33 PDT"]
[Termination "Game drawn by repetition"]

1. e4 Nf6 2. e5 Nd5 3. d4 d6 4. Nf3 g6 5. Bc4 c6 6. h3 Bg7 7. Qe2 O-O 8. O-O a5 9. a4 Na6 10. Bg5 Nac7 11. exd6 Qxd6 12. c3 b5 13. Bd3 h6 14.
Bd2 Ne6 15. g3 b4 16. Kh2 c5 17. c4 Ndf4 18. gxf4 Nxf4 19. Bxf4 Qxf4+ 20. Kg2 Bb7 21. Nd2 f5 22. d5 e5 23. Qe3 Qxe3 24. fxe3 e4 25. Bxe4 Rae8 26. Bc2 Rxe3 27. Rae1 Rfe8 28. b3 Bc3 29. Rxe3 Rxe3 30. Nb1 Kg7 31. Kf2 Bd4 32. Nxd4 cxd4 33. Rd1 Rxh3 34. Kg2 Re3 35. Kf2 Rh3 36. Kg1 Rg3+ 37. Kf1 Rg4 38. Nd2 g5 39. Nf3 Rf4 40. Ke2 d3+ 41. Bxd3 g4 42. Ne5 Kf6 43. Nd7+ Ke7 44.
Nc5 Bc8 45. Ke3 Rf3+ 46. Kd4 Kd6 47. Re1 Rf4+ 48. Be4 fxe4 49. Nxe4+ Kc7 50. c5 Bf5 51. Ke5 Rxe4+ 52. Rxe4 Bxe4 53. Kxe4 h5 54. Kf4 Kd7 55. Kg3 Kc7 56. Kh4 Kd7 57. Kg3 Kc7 58. Kg2 Kd7 59. Kg3 1/2-1/2

[Event "Late-Titled-Tuesday-Blitz-June-04-2024"]
[Site "Chess.com"]
[Date "2024.06.04"]
[Round "10"]
[White "N_I_Chess"]
[Black "MNyuyu"]
[Result "1-0"]
[WhiteElo "2302"]
[BlackElo "2401"]
[TimeControl "180+1"]
[EndTime "15:55:35 PDT"]
[Termination "N_I_Chess won on time"]

1. d4 Nf6 2. c4 c5 3. d5 e6 4. Nc3 exd5 5. cxd5 d6 6. e4 g6 7. f4 Bg7 8. Nf3 O-O 9. Be2 a6 10. e5 dxe5 11. fxe5 Ng4 12. Bg5 Qb6 13. O-O c4+ 14. Kh1 Nf2+ 15. Rxf2 Qxf2 16. Ne4 Qb6 17. Nd6 Bg4 18. Nxc4 Qc5 19. Rc1 Bxf3 20. Bxf3 Nd7 21. e6 Nf6 22. Ne5 Qb4 23. Nxf7 Ne4 24. Qe2 Nxg5 25. Nxg5 Qf4 26. Rd1 Qxg5 27. d6 Qe5 28.
Qxe5 Bxe5 29. e7 Rfe8 30. Bxb7 Rab8 31. d7 Rxe7 32. d8=Q+ Rxd8 33. Rxd8+ Kg7 34. Bf3 Bxb2 35. g3 a5 36. Rd2 Bc3 37. Rc2 Bb4 38. Bc6 h5 39.
Kg2 g5 40. h3 h4 41. Ba4 Re3 42. gxh4 gxh4 43. Rc7+ Kf6 44. Rc6+ Kg5 45. Rc4 Re2+ 46. Kf3 Rxa2 47. Rg4+ Kf6 48. Bc6 Be1 49. Bd5 Ra3+ 50. Ke4 1-0

[Event "Late-Titled-Tuesday-Blitz-June-04-2024"]
[Site "Chess.com"]
[Date "2024.06.04"]
[Round "10"]
[White "BabageldiAnnaberdiyev"]
[Black "CMmauricio"]
[Result "0-1"]
[WhiteElo "2629"]
[BlackElo "2781"]
[TimeControl "180+1"]
[EndTime "15:55:37 PDT"]
[Termination "CMmauricio won by resignation"]

1. e4 e6 2. d4 d5 3. e5 c5 4.
c3 Nc6 5. Nf3 Qb6 6. a3 Nh6 7. b4 cxd4 8. cxd4 Nf5 9. Bb2 Bd7 10. g4 Nfe7 11. Nc3 Na5 12. Nd2 Rc8 13. Rc1 Nc4 14. Bxc4 dxc4 15. Nce4 Nd5 16. Nxc4 Rxc4 17. Rxc4 Be7 18. O-O O-O 19. Rc5 Bxc5 20. dxc5 Qc7 21. Qd2 a5 22. Rc1 axb4 23. axb4 h6 24. Nd6 b5 25. Ra1 Bc6 26. f3 Ne7 27. Kf2 Ng6 28. Qe3 Qe7 29. Kg1 Qh4 30. Rf1 Qh3 31. Ne4 Nh4 32.
Rf2 Nxf3+ 33. Rxf3 Qxg4+ 34. Rg3 Qxe4 35. Qxe4 Bxe4 36. Ra3 Rd8 37. Bc3 Rd3 38. Kf2 g5 39.
Ke2 Kh7 40. Bb2 Rxa3 41. Bxa3 Kg6 42. Bb2 Kf5 43. Kf2 Kg4 44. Bc1 Kf5 45. Bb2 h5 46.
h3 Bd5 47. Kg3 h4+ 48. Kh2 g4 49. hxg4+ Kxg4 50. Bc1 Kf5 51. Bb2 Ke4 52. Bc3 Kd3 53. Be1 Kd4 54. Kh3 Kxe5 55. Kxh4 Kf6 56. Kg4 e5 57. Bc3 Ke6 58. Kg5 f5 59. Bb2 f4 60.
Bc3 Bc6 61. Bd2 Bd7 62. Be1 Kd5 63. Bf2 Bc8 64. Kf6 e4 65. Kg5 e3 66. Bg1 Ke4 67.
Kf6 f3 68. Ke7 f2 0-1

[Event "Late-Titled-Tuesday-Blitz-June-04-2024"]
[Site "Chess.com"]
[Date "2024.06.04"]
[Round "10"]
[White "yaguigor"]
[Black "Engima32"]
[Result "1-0"]
[WhiteElo "2612"]
[BlackElo "2482"]
[TimeControl "180+1"]
[EndTime "15:55:37 PDT"]
[Termination "yaguigor won by resignation"]

1. Nf3 Nf6 2. c4 g6 3. Nc3 Bg7 4. e4 e5 5. d4 exd4 6. Nxd4 O-O 7. Be2 Re8 8. f3 c6 9. O-O d5 10.
exd5 cxd5 11. Kh1 dxc4 12. Bxc4 Ng4 13. Bxf7+ Kxf7 14. fxg4+ Kg8 15. Ndb5 Qxd1 16. Nxd1 Na6 17. Nd6 Rd8 18. Nxc8 Raxc8 19. Bg5 Rd4 20. h3 Rd5 21.
Be3 b6 22. a4 Nb4 23. a5 Nc2 24. Rc1 Rxa5 25. Rf2 Rd5 26. Rfxc2 Rxc2 27. Rxc2 Rxd1+ 28. Kh2 Be5+ 29. g3 Rd7 30. Bf4 Bf6 31. h4 Kf7 32. g5 Bg7 33. Kg2 Ke6 34. Kf3 Kd5 35. Rd2+ Kc6 36. Re2 Kb5 37. g4 Kb4 38. h5 Rd3+ 39.
Ke4 Rd4+ 40. Kf3 gxh5 41. gxh5 Rd3+ 42. Kg4 Rd7 43. h6 Bd4 44. Rd2 Kc4 45. Be3 a5 46.
Rxd4+ Rxd4+ 47. Bxd4 Kxd4 48. g6 hxg6 49. h7 Kc4 50. h8=Q b5 51. Qc3+ Kd5 52. Qxa5 Kc4 53. Qc3+ Kd5 54. b4 Ke4 55. Qc5 Kd3 56. Kg5 Kd2 57.
Kxg6 Kd3 1-0

[Event "Late-Titled-Tuesday-Blitz-June-04-2024"]
[Site "Chess.com"]
[Date "2024.06.04"]
[Round "10"]
[White "nabukatnezarr"]
[Black "howitzer14"]
[Result "0-1"]
[WhiteElo "2583"]
[BlackElo "3024"]
[TimeControl "180+1"]
[EndTime "15:55:38 PDT"]
[Termination "howitzer14 won by checkmate"]

1. b3 a5 2. Bb2 a4 3. bxa4 d5 4.
Nf3 Nd7 5. e3 Nc5 6. Nc3 Nf6 7. d4 Nce4 8. Nxe4 Nxe4 9. Bd3 Bd7 10.
O-O Bxa4 11. Qe2 e6 12. c4 Be7 13. Rfc1 O-O 14. Ne5 Bf6 15. f3 Bxe5 16. dxe5 Nc5 17. cxd5 Nxd3 18. Qxd3 exd5 19. Qd4 Re8 20. Rc5 c6 21. a3 b6 22. Rcc1 c5 23. Qg4 Qd7 24.
Qg3 Qe6 25. Rab1 Ra6 26. h3 h6 27. Re1 Bc2 28. Rbc1 Bg6 29. Red1 Ra4 30. Rd2 c4 31.
Rcd1 Bd3 32. Qf4 b5 33. Qd4 Rea8 34. Qc3 Qe7 35. Rxd3 cxd3 36. Rxd3 Rc4 37. Qd2 Rd8 38. Rxd5 Rxd5 39. Qxd5 Qg5 40. Bd4 Qg3 41. Qa8+ Kh7 42.
Qe4+ g6 43. Qb1 Rc6 44. h4 h5 45. Kf1 Qxh4 46. Ke2 Qg3 47. Kd3 Qxg2 48. Ke4 Re6 49. Qxb5 Qh3 50. f4 Qf5+ 51. Kd5 Qg4 52. Qb8 Qg2+ 53.
Kc5 Qc2+ 54. Kd5 Qc6# 0-1

[Event "Late-Titled-Tuesday-Blitz-June-04-2024"]
[Site "Chess.com"]
[Date "2024.06.04"]
[Round "10"]
[White "emeli_chess"]
[Black "Synctel"]
[Result "1-0"]
[WhiteElo "2360"]
[BlackElo "2101"]
[TimeControl "180+1"]
[EndTime "15:55:38 PDT"]
[Termination "emeli_chess won on time"]

1. d4 Nf6 2. c4 e6 3. Nc3 Bb4 4. Qc2 Nc6 5. Nf3 h6 6. e4 Bxc3+ 7.
bxc3 d6 8. h3 O-O 9. a4 e5 10. d5 Ne7 11. c5 Ng6 12. Ba3 Re8 13.
c4 b6 14. c6 a5 15. Bc1 Rf8 16. Be3 Nh5 17. Bd3 Nhf4 18. Rg1 Nxd3+ 19. Qxd3 f5 20.
exf5 Bxf5 21. Qd2 Qf6 22. O-O-O Nf4 23. Kb2 Nd3+ 24. Ka3 Nb4 25. Rc1 Bh7 26. Qc3 Rae8 27. Nd2 e4 28. Qxf6 Rxf6 29. Nb3 Nd3 30. Rc2 Ref8 31.
Rf1 g5 32. Nd4 Ne5 33. Rb1 Bf5 34. Nb5 R6f7 35. Nxc7 Rxc7 36. Bxb6 Rcf7 37. Bxa5 e3 38. fxe3 Bxc2 39. Rb2 Bd3 40. c7 Bxc4 41. Rb8 Bxd5 42. c8=Q Rxc8 43. Rxc8+ Kg7 44. Bc3 Bxg2 45. a5 Ra7 46.
Kb4 Kf7 47. Kb5 Ke6 48. Kb6 Ra8 49. Rc7 Nd7+ 50. Kb5 Bd5 51. a6 h5 52. a7 g4 53.
hxg4 hxg4 54. Be1 Bf3 55. Bg3 1-0

[Event "Late-Titled-Tuesday-Blitz-June-04-2024"]
[Site "Chess.com"]
[Date "2024.06.04"]
[Round "10"]
[White "Abund"]
[Black "dolynachess"]
[Result "1-0"]
[WhiteElo "2786"]
[BlackElo "2502"]
[TimeControl "180+1"]
[EndTime "15:55:39 PDT"]
[Termination "Abund won on time"]

1. e4 c5 2. Nf3 d6 3. Bb5+ Bd7 4. c4 Nc6 5. Nc3 Nf6 6. d3 g6 7. Bg5 Bg7 8. Qd2 O-O 9. O-O a6 10. Bxc6 Bxc6 11. Bh6 b5 12. b3 b4 13. Ne2 a5 14. a4 e5 15. Ng3 Bd7 16. h3 Kh8 17. Ne1 Ng8 18. Bxg7+ Kxg7 19. f4 f6 20. f5 Ne7 21.
Nc2 gxf5 22. exf5 Bc6 23. Nh5+ Kh8 24. Qh6 Rf7 25. Ne3 Qf8 26. Ng4 Qxh6 27. Nxh6 Rff8 28. Rae1 Ng8 29. Nxg8 Kxg8 30. Re3 Ra7 31. Rfe1 Be8 32. Ng3 Bc6 33. Ne4 Rd7 34. Kh2 Kf7 35. Rg3 Bxe4 36. dxe4 Rg8 37. Rd3 Rgd8 38. Red1 Ke7 39. Rg3 Kf7 40.
Rgd3 Ke7 41. Rd5 Rg8 42. R1d3 Rg7 43. Kg1 Rg5 44. Kf2 h5 45. g3 Rg8 46. Kf3 Rg7 47. Rd1 Rg8 48. Rg1 Rg7 49. Rd2 Rd8 50. Rdg2 Rdg8 51.
g4 hxg4+ 52. Rxg4 Kf7 53. Rh1 Rh8 54. Kg2 1-0

[Event "Late-Titled-Tuesday-Blitz-June-04-2024"]
[Site "Chess.com"]
[Date "2024.06.04"]
[Round "10"]
[White "Hikaru"]
[Black "Onischuk_V"]
[Result "1/2-1/2"]
[WhiteElo "3194"]
[BlackElo "2871"]
[TimeControl "180+1"]
[EndTime "15:55:40 PDT"]
[Termination "Game drawn by repetition"]

1. h4 d5 2. d4 Nf6 3. Nc3 Bf5 4. Bf4 e6 5. e3 h6 6. Nb5 Na6 7. c4 c6 8. Nc3 Qa5 9. a3 dxc4 10. Bxc4 Nd5 11. Bxd5 exd5 12. Ne2 Qd8 13. f3 Be7 14. h5 Nc7 15. Be5 f6 16. Bh2 Ne6 17. g4 Bh7 18. Ng3 Bd6 19. Nf5 Bxh2 20. Rxh2 Qc7 21. Rg2 O-O-O 22.
Kf2 g6 23. Ng3 gxh5 24. Nxh5 f5 25. gxf5 Bxf5 26. Qh1 Ng5 27. Nf4 Rdf8 28. Qh4 Qe7 29. Rh2 Bd7 30. b4 Kb8 31. b5 cxb5 32. Ncxd5 Qd6 33.
Nb4 Rc8 34. Ra2 Rc3 35. Nbd3 Rxa3 36. Rxa3 Qxa3 37. Ne5 Qd6 38. Nfg6 Rc8 39. Qxh6 Ne6 40. Nf4 Rc2+ 41. Kg3 Rxh2 42. Kxh2 Bc8 43. Ned3 Qc7 44. Kg2 Nxf4+ 45. Nxf4 b4 46. Nd5 Qc2+ 47. Kg3 a5 48. Qd6+ Ka7 49. Qb6+ Kb8 50. Qxa5 b3 51. Nc3 b2 52. Qe5+ Ka8 53. Qc5 Qg6+ 54. Kf4 Qf7+ 55. Ke4 Qg6+ 56. Kf4 Qf6+ 57. Kg3 Qg6+ 58. Kf4 1/2-1/2